AoeStats
← Duke.Wu

Nomad

509349653Analyzed
4v4 RM · 6d ago on Sep 26, 2026· 49m 58s· 8 players
Game mode
Random Map
Map size
231×231
Population
200
Speed
Normal
Resources
Standard
Victory
Conquest
Starting age
Dark Age
Ending age
Imperial Age
RankedLock teamsTeams togetherTeam positionsShared explorationLock speedFull tech treeHidden civsTurbo modeCheats
Victory
Defeat
🇩🇪 Teutons · Germany
969
+12
🇦🇷 Franks · Argentina
935
+14
🇫🇷 Japanese · France
884
+16
🇫🇷 Bohemians · France
859
+18
🇨🇳 Turks · China
1000
-59
🇲🇽 Mongols · Mexico
928
-17
🇨🇳 Huns · China
913
-16
🇨🇳 Byzantines · China
695
-8
AztK_Xhelotl_ °_°
4:40 Loom
4:49 Loom
15:09 Feudal Age
22:24 Castle Age
21:38 Gold Mining
21:56 Stone Mining
22:39 Double-Bit Axe
23:46 Bow Saw
24:13 Wheelbarrow
26:02 Scale Barding Armor
26:08 Forging
25:58 Scale Mail Armor
25:59 Padded Archer Armor
25:50 Fletching
35:10 Hand Cart
1829032
6:30 Loom
18:45 Feudal Age
23:07 Fletching
51:03 Castle Age
Duke.Wu
17:54 Feudal Age
19:04 Fishing Lines
19:28 Horse Collar
22:07 Castle Age
20:21 Stone Mining
21:02 Gold Mining
27:05 Fletching
27:20 Padded Archer Armor
28:53 Loom
29:44 Heavy Plow
30:07 Ballistics
39:06 Imperial Age
37:25 Wheelbarrow
36:36 Town Watch
36:51 Double-Bit Axe
37:30 Leather Archer Armor
39:52 Artillery
40:13 Conscription
40:28 Bow Saw
40:56 Gold Shaft Mining
41:40 Hoardings
41:49 Elite Janissary
42:37 Fletching
Payber
8:37 Loom
14:31 Feudal Age
15:44 Fishing Lines
15:48 Horse Collar
16:31 Double-Bit Axe
23:40 Castle Age
25:57 Heavy Plow
26:21 Fletching
26:36 Gold Mining
26:57 Stone Mining
28:22 Scale Barding Armor
28:57 Wheelbarrow
29:17 Medium Warships
30:02 Forging
29:59 Gillnets
31:35 Chain Barding Armor
31:57 Gold Shaft Mining
32:33 Demolition Ship
33:33 Devotion
38:02 Iron Casting
38:13 Squires
39:19 Bow Saw
39:32 Husbandry
40:28 Redemption
43:09 Bodkin Arrow
DuaLipaFanboy59
15:52 Feudal Age
20:55 Castle Age
19:30 Fishing Lines
21:55 Double-Bit Axe
24:30 Medium Warships
25:06 Gillnets
26:06 Fletching
26:43 Bow Saw
26:30 Pikeman
27:11 Squires
28:08 Forging
33:03 Imperial Age
31:29 Horse Collar
33:59 Wagenburg Tactics
34:22 Halberdier
36:15 Two-Man Saw
35:42 Elite Hussite Wagon
36:38 Arson
36:59 Bodkin Arrow
42:44 Iron Casting
42:10 Scale Mail Armor
Sakullius-of-Coursistan
6:20 Loom
8:38 Loom
15:51 Feudal Age
18:56 Double-Bit Axe
21:45 Castle Age
19:38 Horse Collar
21:34 Stone Mining
23:18 Fletching
23:47 Bow Saw
24:28 Squires
24:42 Forging
24:32 Scale Mail Armor
25:18 Gold Mining
29:08 Iron Casting
28:49 Chain Mail Armor
30:00 Wheelbarrow
31:43 Scale Barding Armor
32:16 Bodkin Arrow
37:16 Chain Barding Armor
38:51 Bloodlines
39:51 Hand Cart
40:16 Padded Archer Armor
45:05 Imperial Age
42:41 Heavy Plow
43:47 Stone Shaft Mining
43:47 Town Watch
45:10 Elite Teutonic Knight
46:12 Conscription
46:57 Blast Furnace
46:27 Plate Mail Armor
46:33 Plate Barding Armor
45:24 Cavalier
48:31 Paladin
X
12:41 Loom
15:42 Feudal Age
16:15 Double-Bit Axe
20:43 Castle Age
18:59 Gold Mining
20:52 Crossbowman
22:51 Bow Saw
22:39 Fletching
24:10 Wheelbarrow
23:52 Bodkin Arrow
26:45 Gold Shaft Mining
26:15 Pikeman
27:45 Scale Mail Armor
28:32 Forging
28:20 Stone Mining
28:19 Horse Collar
29:23 Town Watch
29:33 Elite Skirmisher
30:52 Thumb Ring
30:52 Padded Archer Armor
40:06 Imperial Age
38:05 Heavy Plow
39:39 Chain Mail Armor
41:15 Hand Cart
42:15 Chemistry
42:02 Squires
41:41 Capped Ram
42:49 Town Watch
44:40 Ballistics
48:24 Plate Mail Armor
48:10 Leather Archer Armor
argentineau
4:09 Loom
16:37 Feudal Age
22:49 Wheelbarrow
33:51 Fletching
34:02 Padded Archer Armor
37:32 Double-Bit Axe
40:54 Scale Mail Armor
46:20 Castle Age
49:27 Light Cavalry
Connection lost

Rejoining the realm…

Still unreachable

The connection could not be restored.

Session expired

The server has moved on; the page needs a fresh start.